 Dungeon Crawl Stone Soup version 0.23.1-37-gaa34b87b72 (webtiles) character file.

Game seed: 0

3462 Gargoyl the Covered (level 9, -8/65 HPs)
             Began as a Centaur Abyssal Knight on Mar 19, 2019.
             Was a Priest of Lugonu.
             Killed by divine providence
             ... invoked by an orc priest
              (16 damage)
             ... on level 9 of the Dungeon on Mar 20, 2019.
             The game lasted 00:16:13 (10978 turns).

Gargoyl the Covered (Centaur Abyssal Knight)       Turns: 10978, Time: 00:16:15

Health: -8/65      AC: 15    Str: 14 (15) XL:     9   Next: 78%
Magic:  6/13       EV:  3    Int: 11      God:    Lugonu [***...]
Gold:   515        SH:  8    Dex: 14      Spells: 8/8 levels left

rFire    . . .     SeeInvis .   a - +3 hand axe
rCold    . . .     Gourm    .   t - +0 shield
rNeg     + . .     Faith    .   d - +2 chain mail
rPois    .         Spirit   .   o - +0 helmet
rElec    .         Reflect  .   (no cloak)
rCorr    .         Harm     .   g - +1 pair of gloves
MR       .....                  (no barding)
Stlth    ..........             p - amulet of magic regeneration
HPRegen  0.20/turn              e - ring of positive energy
MPRegen  0.38/turn              (no ring)

@: very quick
A: large, hooves 3, agile 1, deformed body, deterioration 1, speed 2, frail 1,
sense surroundings 1, tough skin 3
a: Depart the Abyss, Bend Space, Banish, Renounce Religion


You were on level 9 of the Dungeon.
You worshipped Lugonu.
Lugonu was most pleased with you.
You were not hungry.

You visited 1 branch of the dungeon, and saw 9 of its levels.
You visited the Abyss 1 time.

You collected 515 gold pieces.

Inventory:

Hand Weapons
 a - a +3 hand axe (weapon)
 q - a +0 war axe
Missiles
 r - 6 tomahawks (quivered)
Armour
 d - a +2 chain mail (worn)
 g - a +1 pair of gloves (worn)
 o - a +0 helmet (worn)
 t - a +0 shield (worn)
Jewellery
 e - a ring of positive energy (left hand)
 p - an amulet of magic regeneration (around neck)
Wands
 b - a wand of enslavement (5)
Scrolls
 i - 5 scrolls of teleportation
 j - a scroll of blinking
 l - a scroll of amnesia
 m - 3 scrolls of remove curse
 s - 3 scrolls of identify
Potions
 f - a potion of curing
Comestibles
 c - 4 rations


   Skills:
 + Level 4.8 Fighting
 + Level 5.7 Axes
 + Level 1.0 Throwing
 * Level 6.9 Armour
 * Level 3.9 Dodging
 + Level 1.5 Shields
 * Level 6.4 Invocations


You had 8 spell levels left.
You didn't know any spells.
Your spell library contained the following spells:

 Spells                   Type           Power        Failure   Level  Hunger
 Corona                   Hex            #......      100%        1    ##.....
 Freeze                   Ice            #...         100%        1    ##.....
 Ensorcelled Hibernation  Hex/Ice        #.....       100%        2    ###....
 Throw Frost              Conj/Ice       #.....       100%        2    ###....
 Confuse                  Hex            #.......     100%        3    ####...
 Dazzling Spray           Conj/Hex       #.....       100%        3    ####...
 Ozocubu's Armour         Chrm/Ice       #.......     100%        3    ####...
 Tukima's Dance           Hex            #.......     100%        3    ####...
 Summon Ice Beast         Ice/Summ       #.......     100%        4    #####..
 Throw Icicle             Conj/Ice       #.......     100%        4    #####..


Dungeon Overview and Level Annotations

Branches:
Dungeon (9/15)             Temple (0/1) D:7
   Lair: D:8-11         Orc: D:9-12

Altars:
Ashenzari
Hepliaklqana
Kikubaaqudgha
Vehumet
Xom
Zin
The Shining One

Shops:
D:9 ?

Annotations:
D:6 Pikel
Abyss:1 Harold


Innate Abilities, Weirdness & Mutations

You have hooves in place of feet.
Armour fits poorly on your strangely shaped body.
You cover ground very quickly.
You have extremely tough skin. (AC +3)
You are agile. (Dex +2)
Your body sometimes deteriorates upon taking damage.
You are frail. (-10% HP)
You passively map a small area around you.


Message History

Unknown command.
Press: ? - help, Shift-Dir - straight line, f - warg
Aim: a warg (almost dead, chance to defeat MR: 71%)
Okay, then.
You feel better. You block the warg's attack. The warg bites you.
* * * LOW HITPOINT WARNING * * *
Press: ? - help, Shift-Dir - straight line, f - warg
Aim: a warg (almost dead, chance to defeat MR: 71%)
The warg struggles to resist.
You feel somewhat more hungry. The warg bites you but does no damage.
Press: ? - help, Shift-Dir - straight line, f/p - warg
Aim: a warg (almost dead, chance to defeat MR: 71%)
The warg is devoured by a tear in reality.
Lugonu claims a new guest.
You feel your dexterity returning.
Your Throwing skill increases to level 1!
You feel somewhat more hungry.
The orc priest invokes the aid of Beogh against you.
Beogh smites you!
You die...

, * Sc..# , ......., , ,
., #..... *, ..##....., *
........ ,.. ......
##..##..#################
,
,.......oooo§@.(((........
, ######.#################
#.# #.# * #.## #..# ##.#
#.# * * ########'###


You could see an orc priest and 3 orcs.

Vanquished Creatures
  Grinder (D:4)
  Sigmund (D:2)
  A hungry ghost (D:7)
  Eustachio (D:4)
  Menkaure (D:4)
  4 slaves
  2 sky beasts
  An ice beast (D:6)
  3 ogres
  A phantom (D:9)
  2 centaurs (D:9)
  A bullfrog (D:5)
  A scorpion (D:7)
  A water moccasin skeleton (D:7)
  A howler monkey (D:5)
  3 crimson imps
  3 hounds
  A quasit (D:5)
  A jelly (D:5)
  4 orc priests
  2 bullfrog skeletons
  6 orc wizards
  An iguana (D:6)
  2 worker ants
  Natasha (twice) (D:3)
  A statue (D:4)
  Robin (D:3)
  9 adders
  3 gnolls (D:6)
  2 shadow imps
  An adder zombie (D:7)
  2 adder skeletons (D:4)
  4 worms
  5 dart slugs
  7 leopard geckos
  8 orcs
  A ball python (D:1)
  7 bats
  3 giant cockroaches
  15 goblins
  8 hobgoblins
  6 jackals (D:1)
  10 kobolds
  4 quokkas
  3 frilled lizards
  2 goblin skeletons (D:5)
  A goblin zombie (D:5)
  3 hobgoblin zombies (D:5)
  A kobold skeleton (D:5)
  A leopard gecko zombie (D:6)
  An orc skeleton (D:5)
  2 orc zombies (D:5)
  10 rats
168 creatures vanquished.

Vanquished Creatures (others)
  A troll (D:9)
  A warg (D:9)
  2 orc warriors (D:5)
  A phantom (D:6)
5 creatures vanquished.

Grand Total: 173 creatures vanquished

Notes
Turn   | Place    | Note
-------+----------+-------------------------------------------
     0 | Abyss:1  | Gargoyl the Centaur Abyssal Knight began the quest for the
                  | Orb.
     0 | Abyss:1  | Reached XP level 1. HP: 19/19 MP: 2/2
    34 | Abyss:1  | Found a corrupted altar of Lugonu.
    84 | Abyss:2  | Noticed a daeva
    88 | Abyss:2  | Noticed a wretched star
    89 | D:1      | Escaped the Abyss
   428 | D:1      | Reached XP level 2. HP: 18/26 MP: 3/3
   574 | D:1      | Reached * piety under Lugonu
   904 | D:1      | Found a shimmering altar of Xom.
   912 | D:1      | Reached skill level 1 in Dodging
   918 | D:1      | Reached XP level 3. HP: 25/31 MP: 4/4
   960 | D:1      | You fall through a shaft!
  1391 | D:2      | Reached ** piety under Lugonu
  1599 | D:2      | Found a shattered altar of Ashenzari.
  1670 | D:2      | Reached XP level 4. HP: 32/38 MP: 5/5
  1711 | D:2      | Found a hazy altar of Hepliaklqana.
  2398 | D:3      | Noticed Sigmund
  2415 | D:2      | Killed Sigmund
  2415 | D:2      | Reached XP level 5. HP: 33/46 MP: 7/7
  2729 | D:3      | Noticed Robin
  2744 | D:3      | Reached XP level 6. HP: 36/52 MP: 8/8
  2749 | D:3      | Killed Robin
  2830 | D:3      | Noticed Natasha
  2860 | D:3      | Killed Natasha
  3081 | D:3      | Noticed Natasha
  3094 | D:3      | Killed Natasha
  3253 | D:4      | Gained mutation: Your mind is acute. (Int +2) [potion of
                  | mutation]
  3253 | D:4      | Gained mutation: You are partially covered in iridescent
                  | scales. (AC +2) [potion of mutation]
  3543 | D:4      | Noticed Grinder
  3550 | D:4      | Lost mutation: You are partially covered in iridescent
                  | scales. (AC +2) [potion of mutation]
  3550 | D:4      | Lost mutation: Your mind is acute. (Int +2) [potion of
                  | mutation]
  3550 | D:4      | Gained mutation: You are frail. (-10% HP) [potion of
                  | mutation]
  3550 | D:4      | Gained mutation: You are agile. (Dex +2) [potion of
                  | mutation]
  3550 | D:4      | Gained mutation: Your body sometimes deteriorates upon
                  | taking damage. [potion of mutation]
  3550 | D:4      | Gained mutation: You passively map a small area around you.
                  | [potion of mutation]
  3551 | D:4      | Paralysed by Grinder for 2 turns
  3583 | D:4      | Paralysed by Grinder for 4 turns
  3595 | D:4      | Killed Grinder
  3595 | D:4      | Reached XP level 7. HP: 26/52 MP: 9/9
  3767 | D:4      | Noticed Eustachio
  3843 | D:5      | Entered Level 5 of the Dungeon
  4047 | D:5      | Found a glowing golden altar of the Shining One.
  4118 | D:5      | Reached *** piety under Lugonu
  4156 | D:5      | Found an ancient bone altar of Kikubaaqudgha.
  5618 | D:6      | Reached XP level 8. HP: 59/59 MP: 11/11
  6065 | D:5      | Reached skill level 5 in Armour
  6321 | D:5      | HP: 2/59 [orc warrior/+0 short sword (10)]
  7554 | D:4      | Found a glowing silver altar of Zin.
  7864 | D:4      | Killed Eustachio
  8267 | D:4      | Noticed Menkaure
  8274 | D:4      | Killed Menkaure
  8274 | D:4      | Reached skill level 5 in Axes
  8274 | D:4      | Reached skill level 5 in Invocations
  8402 | D:4      | Found a radiant altar of Vehumet.
  8958 | D:7      | Noticed Pikel
  9535 | D:5      | Upgraded the game from 0.23.1 to 0.23.1-37-gaa34b87b72
  9543 | D:5      | Reached XP level 9. HP: 64/64 MP: 12/12
  9876 | D:7      | Noticed Harold
  9905 | D:7      | Found a staircase to the Ecumenical Temple.
  9925 | D:7      | Banished Harold
  9934 | D:6      | Reached skill level 1 in Shields
 10493 | D:7      | You fall through a shaft!
 10589 | D:9      | Noticed a troll
 10614 | D:9      | Banished a troll
 10867 | D:9      | Found Quaw's Magic Scroll Shoppe.
 10975 | D:9      | HP: 3/65 [warg (3)]
 10978 | D:9      | Reached skill level 1 in Throwing
 10978 | D:9      | Killed from afar by an orc priest

Skill      XL: |  1  2  3  4  5  6  7  8  9 |
---------------+----------------------------+-----
Dodging        | 1 2 3 |  3.9
Axes           | 2 3 4 5 |  5.7
Armour         | 2 3 4 6 |  6.9
Invocations    | 3 4 5 6 |  6.4
Fighting       | 4 |  4.8
Shields        | 1 |  1.5
Throwing       | 1 |  1.0

Action                   |  1- 3 |  4- 6 |  7- 9 || total
-------------------------+-------+-------+-------++-------
Melee: Hand axe          |   119 |   160 |   600 ||   879
       Kick              |    14 |    24 |   138 ||   176
Throw: Tomahawk          |       |       |     9 ||     9
Invok: Depart the Abyss  |     1 |       |       ||     1
       Banish            |       |       |     9 ||     9
       Bend Space        |       |       |     2 ||     2
  Use: Potion            |     1 |    10 |     8 ||    19
       Scroll            |    11 |       |     8 ||    19
  Eat: Chunk             |     1 |     6 |    12 ||    19
       Ration            |       |       |     7 ||     7
Armor: Chain mail        |   115 |   150 |   574 ||   839
Dodge: Dodged            |    22 |    48 |   126 ||   196
Block: Shield            |       |       |   100 ||   100
